3AA
SQUIRREL HILL PIEROGIS @ MINNESOTA LOONS
09/04/2042
 
TOP OF THE 1ST
Squirrel Hill Pierogis batting - Pitching for Minnesota Loons : RHP Jerry Williams
Pitching: RHP Jerry Williams
Batting: RHB Román García 0-0: Foul Ball, location: 2F
0-1: SINGLE (Line Drive, 78M, EV 103.1 MPH)
Batting: SHB Aubrey Magee 0-0: Ball
1-0: Ball
Román García steals 2nd base
2-0: SINGLE (Line Drive, 34, EV 94.4 MPH)
Román García to third
Batting: LHB Todd Hunter 0-0: Ball
1-0: Called Strike
Aubrey Magee steals 2nd base
1-1: Foul Ball, location: 2F
1-2: Ball
2-2: Strikes out swinging
Batting: RHB Félix Pacheco 0-0: Ground out 6-3 (Groundball, 6, EV 106.2 MPH)
Román García scores
Batting: RHB Franck Morel 0-0: Ball
1-0: Ball
2-0: Called Strike
2-1: Foul Ball, location: 2F
2-2: 2-RUN HOME RUN (Flyball, 89XD, EV 107.5 MPH), Distance : 407 ft
Batting: SHB Cristo López 0-0: Ball
1-0: TRIPLE (Line Drive, 9LD, EV 101.9 MPH)
Batting: RHB Adam Cunningham 0-0: Foul Ball, location: 2F
0-1: Ball
1-1: Fly out, F7 (Flyball, 7LS, EV 97.5 MPH)
Top of the 1st over - 3 runs, 4 hits, 0 errors, 1 left on base; Squirrel Hill 3 - Minnesota 0
BOTTOM OF THE 1ST
Minnesota Loons batting - Pitching for Squirrel Hill Pierogis : RHP Jesús Bruno
Pitching: RHP Jesús Bruno
Batting: LHB Steve Williams 0-0: Ball
1-0: Ball
2-0: Ball
3-0: Called Strike
3-1: Ground out 5-3 (Groundball, 56S, EV 60.0 MPH)
Batting: RHB Haechan Mae 0-0: Called Strike
0-1: Ball
1-1: Ball
2-1: Ball
3-1: Called Strike
3-2: SINGLE (Line Drive, 5D, EV 98.8 MPH)
Batting: LHB Juan Ritaquevedo 0-0: Ball
Haechan Mae steals 2nd, throwing error, E2
Haechan Mae to third
1-0: Called Strike
1-1: Fly out, F8 (Flyball, 8LXD, EV 99.4 MPH)
Runner from 3rd tags up, SCORES, no throw by CF
Batting: LHB Derrek Guthrie 0-0: Ball
1-0: Fly out, F8 (Flyball, 8RM, EV 80.6 MPH)
Bottom of the 1st over - 1 run, 1 hit, 1 error, 0 left on base; Squirrel Hill 3 - Minnesota 1
TOP OF THE 2ND
Squirrel Hill Pierogis batting - Pitching for Minnesota Loons : RHP Jerry Williams
Batting: RHB Ryan McCarty 0-0: Ball
1-0: Swinging Strike
1-1: Ball
2-1: Foul Ball, location: 2F
2-2: Strikes out swinging
Batting: RHB Ed Tinker 0-0: Ball
1-0: SINGLE (Groundball, 6MD, EV 108.8 MPH)
Batting: RHB Román García 0-0: Ball
1-0: Called Strike
1-1: Called Strike
1-2: Ball
2-2: Ball
3-2: Strikes out looking
Batting: SHB Aubrey Magee 0-0: Called Strike
0-1: SINGLE (Line Drive, 8RS, EV 104.4 MPH)
Ed Tinker to second
Batting: LHB Todd Hunter 0-0: Called Strike
0-1: Foul Ball, location: 2F
0-2: Ball
1-2: Strikes out looking
Top of the 2nd over - 0 runs, 2 hits, 0 errors, 2 left on base; Squirrel Hill 3 - Minnesota 1
BOTTOM OF THE 2ND
Minnesota Loons batting - Pitching for Squirrel Hill Pierogis : RHP Jesús Bruno
Batting: RHB Dan Barnes 0-0: Foul Ball, location: 2F
0-1: SOLO HOME RUN (Flyball, 7D, EV 95.6 MPH), Distance : 358 ft
Batting: SHB Pavlushenka Galanov 0-0: Foul Ball, location: 2F
0-1: Fly out, F9 (Flyball, 89S, EV 73.1 MPH)
Batting: RHB Alberto Zúńiga 0-0: Called Strike
0-1: Foul Ball, location: 2F
0-2: Strikes out looking
Batting: RHB Martin Mullinger 0-0: Ball
1-0: Fly out, F4 (Popup, 34, EV 58.1 MPH)
Bottom of the 2nd over - 1 run, 1 hit, 0 errors, 0 left on base; Squirrel Hill 3 - Minnesota 2
TOP OF THE 3RD
Squirrel Hill Pierogis batting - Pitching for Minnesota Loons : RHP Jerry Williams
Batting: RHB Félix Pacheco 0-0: Ball
1-0: Ball
2-0: Called Strike
2-1: Ball
3-1: Ground out U3 (Groundball, 34S, EV 88.1 MPH)
Batting: RHB Franck Morel 0-0: Called Strike
0-1: Ball
1-1: Ball
2-1: Foul Ball, location: 2F
2-2: Ground out 1-3 (Groundball, 13, EV 83.1 MPH)
Batting: SHB Cristo López 0-0: Fly out, F9 (Line Drive, 9, EV 96.2 MPH)
Top of the 3rd over - 0 runs, 0 hits, 0 errors, 0 left on base; Squirrel Hill 3 - Minnesota 2
BOTTOM OF THE 3RD
Minnesota Loons batting - Pitching for Squirrel Hill Pierogis : RHP Jesús Bruno
Batting: RHB José Garrastazu 0-0: Ball
1-0: Ball
2-0: Ball
3-0: Called Strike
3-1: SINGLE (Line Drive, 89S, EV 95.6 MPH)
Batting: LHB Steve Williams 0-0: Called Strike
0-1: Ball
1-1: Swinging Strike
1-2: Ball
2-2: Foul Ball, location: 2F
2-2: Foul Ball, location: 2F
2-2: Strikes out swinging
Batting: RHB Haechan Mae 0-0: Foul Ball, location: 2F
0-1: Ball
1-1: Foul Ball, location: 2F
1-2: Foul Ball, location: 2F
1-2: Strikes out swinging
Batting: LHB Juan Ritaquevedo 0-0: Ball
1-0: Called Strike
1-1: SINGLE (Groundball, 34S, EV 87.5 MPH) (infield hit)
José Garrastazu to second
Batting: LHB Derrek Guthrie 0-0: Ball
1-0: Ball
2-0: Called Strike
2-1: Fielders Choice at 2nd, 6-4 (Groundball, 6, EV 105.0 MPH)
Bottom of the 3rd over - 0 runs, 2 hits, 0 errors, 2 left on base; Squirrel Hill 3 - Minnesota 2
TOP OF THE 4TH
Squirrel Hill Pierogis batting - Pitching for Minnesota Loons : RHP Jerry Williams
Batting: RHB Adam Cunningham 0-0: Called Strike
0-1: Ball
1-1: Ball
2-1: Swinging Strike
2-2: Ball
3-2: Foul Ball, location: 2F
3-2: Foul Ball, location: 2F
3-2: Fly out, F2 (Popup, 23F, EV 91.9 MPH)
Batting: RHB Ryan McCarty 0-0: Ball
1-0: Fly out, F9 (Line Drive, 9D, EV 92.5 MPH)
Batting: RHB Ed Tinker 0-0: Ball
1-0: Ground out 6-3 (Groundball, 6, EV 83.1 MPH)
Top of the 4th over - 0 runs, 0 hits, 0 errors, 0 left on base; Squirrel Hill 3 - Minnesota 2
BOTTOM OF THE 4TH
Minnesota Loons batting - Pitching for Squirrel Hill Pierogis : RHP Jesús Bruno
Batting: RHB Dan Barnes 0-0: Ball
1-0: Ball
2-0: Foul Ball, location: 2F
2-1: Foul Ball, location: 2F
2-2: Ball
3-2: Strikes out swinging
Batting: SHB Pavlushenka Galanov 0-0: Ball
1-0: Swinging Strike
1-1: Ball
2-1: Foul Ball, location: 2F
2-2: Foul Ball, location: 2F
2-2: Ball
3-2: Base on Balls
Batting: RHB Alberto Zúńiga 0-0: Called Strike
0-1: Called Strike
0-2: Ball
1-2: Ball
2-2: Ball
3-2: Fly out, F9 (Flyball, 9D, EV 105.0 MPH)
Batting: RHB Martin Mullinger 0-0: Foul Ball, location: 2F
0-1: Swinging Strike
0-2: Ball
1-2: Fly out, F9 (Flyball, 9LM, EV 79.4 MPH)
Bottom of the 4th over - 0 runs, 0 hits, 0 errors, 1 left on base; Squirrel Hill 3 - Minnesota 2
TOP OF THE 5TH
Squirrel Hill Pierogis batting - Pitching for Minnesota Loons : RHP Jerry Williams
Batting: RHB Román García 0-0: Swinging Strike
0-1: SINGLE (Line Drive, 89M, EV 94.4 MPH)
Batting: SHB Aubrey Magee 0-0: Sac Bunt to 13 - play at second, runner OUT! 1-6
Batting: LHB Todd Hunter 0-0: Foul Ball, location: 2F
0-1: Swinging Strike
0-2: Ball
1-2: DOUBLE (Flyball, 89XD, EV 101.2 MPH)
Aubrey Magee to third
Batting: RHB Félix Pacheco 0-0: Foul Ball, location: 2F
0-1: Called Strike
0-2: Fly out, F8 (Line Drive, 8LM, EV 94.4 MPH)
Runner from 3rd tags up, SCORES, throw by CF
Batting: RHB Franck Morel 0-0: Ball
1-0: Called Strike
1-1: Fly out, F4 (Flyball, 4MD, EV 95.0 MPH)
Top of the 5th over - 1 run, 2 hits, 0 errors, 1 left on base; Squirrel Hill 4 - Minnesota 2
BOTTOM OF THE 5TH
Minnesota Loons batting - Pitching for Squirrel Hill Pierogis : RHP Jesús Bruno
Batting: RHB José Garrastazu 0-0: Called Strike
0-1: Fly out, F8 (Line Drive, 8LM, EV 101.2 MPH)
Batting: LHB Steve Williams 0-0: Called Strike
0-1: Foul Ball, location: 2F
0-2: TRIPLE (Flyball, 9LD, EV 111.9 MPH)
Batting: RHB Haechan Mae 0-0: Fly out, F9 (Line Drive, 9D, EV 90.6 MPH)
Runner from 3rd tags up, SCORES, throw by RF
Batting: LHB Juan Ritaquevedo 0-0: Called Strike
0-1: Ball
1-1: Foul Ball, location: 2F
1-2: DOUBLE (Flyball, 89D, EV 109.4 MPH)
Batting: LHB Derrek Guthrie 0-0: Ball
1-0: DOUBLE (Line Drive, 9LM, EV 93.1 MPH)
Juan Ritaquevedo scores
Batting: RHB Dan Barnes 0-0: Ball
1-0: Ball
2-0: Ball
3-0: Base on Balls
Batting: SHB Pavlushenka Galanov 0-0: Ball
1-0: Fly out, F8 (Flyball, 8LM, EV 88.1 MPH)
Bottom of the 5th over - 2 runs, 3 hits, 0 errors, 2 left on base; Squirrel Hill 4 - Minnesota 4
TOP OF THE 6TH
Squirrel Hill Pierogis batting - Pitching for Minnesota Loons : RHP Jerry Williams
Batting: SHB Cristo López 0-0: Called Strike
0-1: Foul Ball, location: 2F
0-2: Foul Ball, location: 2F
0-2: Ball
1-2: Ball
2-2: Foul Ball, location: 2F
2-2: DOUBLE (Line Drive, 7LM, EV 104.4 MPH)
Batting: RHB Adam Cunningham 0-0: Ball
1-0: DOUBLE (Line Drive, 7LS, EV 109.4 MPH)
Cristo López scores
Pitching: RHP Vicente Dávila
Batting: RHB Ryan McCarty 0-0: Ball
1-0: Ball
2-0: Fly out, F2 (Popup, 2RF, EV 92.5 MPH)
Batting: RHB Ed Tinker 0-0: Ground out 6-3 (Groundball, 6D, EV 107.5 MPH)
Batting: RHB Román García 0-0: Ball
1-0: Swinging Strike
1-1: Ground out 5-3 (Groundball, 56, EV 89.4 MPH)
Top of the 6th over - 1 run, 2 hits, 0 errors, 1 left on base; Squirrel Hill 5 - Minnesota 4
BOTTOM OF THE 6TH
Minnesota Loons batting - Pitching for Squirrel Hill Pierogis : RHP Jesús Bruno
Pitching: RHP Artie O'Neal
Batting: RHB Alberto Zúńiga 0-0: Ball
1-0: Ball
2-0: Ball
3-0: Foul Ball, location: 2F
3-1: Base on Balls
Batting: RHB Martin Mullinger 0-0: Foul Ball, location: 2F
0-1: Foul Ball, location: 2F
0-2: DOUBLE (Line Drive, 78XD, EV 105.6 MPH)
Alberto Zúńiga to third
Batting: RHB José Garrastazu 0-0: Foul Ball, location: 2F
0-1: Ball
1-1: DOUBLE (Line Drive, 7LS, EV 93.1 MPH)
Alberto Zúńiga scores
Martin Mullinger scores
Batting: LHB Steve Williams 0-0: Called Strike
0-1: Foul Ball, location: 2F
0-2: Strikes out looking
Batting: RHB Haechan Mae 0-0: Foul Ball, location: 2F
0-1: Swinging Strike
0-2: Strikes out swinging
Batting: LHB Juan Ritaquevedo 0-0: Ball
1-0: Called Strike
1-1: Ground out 4-3 (Groundball, 4S, EV 90.0 MPH)
Bottom of the 6th over - 2 runs, 2 hits, 0 errors, 1 left on base; Squirrel Hill 5 - Minnesota 6
TOP OF THE 7TH
Squirrel Hill Pierogis batting - Pitching for Minnesota Loons : RHP Vicente Dávila
Batting: SHB Aubrey Magee 0-0: Ball
1-0: Foul Ball, location: 2F
1-1: Ball
2-1: Ball
3-1: Called Strike
3-2: Foul Ball, location: 2F
3-2: Fly out, F9 (Flyball, 9D, EV 85.6 MPH)
Batting: LHB Todd Hunter 0-0: Called Strike
0-1: Swinging Strike
0-2: Ball
1-2: Ball
2-2: Strikes out swinging
Batting: RHB Félix Pacheco 0-0: Called Strike
0-1: Fly out, F8 (Flyball, 8RM, EV 93.1 MPH)
Top of the 7th over - 0 runs, 0 hits, 0 errors, 0 left on base; Squirrel Hill 5 - Minnesota 6
BOTTOM OF THE 7TH
Minnesota Loons batting - Pitching for Squirrel Hill Pierogis : RHP Artie O'Neal
Batting: LHB Derrek Guthrie 0-0: Ball
1-0: Called Strike
1-1: Ball
2-1: Ball
3-1: Base on Balls
Batting: RHB Dan Barnes 0-0: Ball
1-0: Foul Ball, location: 2F
1-1: Foul Ball, location: 2F
1-2: Foul Ball, location: 2F
1-2: Ball
2-2: Fly out, F5 (Popup, 5SF, EV 78.8 MPH)
Batting: SHB Pavlushenka Galanov 0-0: Ball
1-0: Ball
Derrek Guthrie steals 2nd base
2-0: Foul Ball, location: 2F
2-1: Foul Ball, location: 2F
2-2: Foul Ball, location: 2F
2-2: DOUBLE (Flyball, 8LXD, EV 112.5 MPH)
Derrek Guthrie scores
Pitching: RHP Edward Swetnam
Batting: RHB Alberto Zúńiga 0-0: Ball
1-0: SINGLE (Groundball, 4D, EV 97.5 MPH)
Pavlushenka Galanov to third
Runner from 3rd tries for Home, SAFE, no throw by RF
Batting: RHB Martin Mullinger 0-0: Called Strike
0-1: Foul Ball, location: 2F
0-2: Strikes out swinging
Batting: RHB José Garrastazu 0-0: Ball
1-0: Fly out, F8 (Flyball, 8LM, EV 83.1 MPH)
Bottom of the 7th over - 2 runs, 2 hits, 0 errors, 1 left on base; Squirrel Hill 5 - Minnesota 8
TOP OF THE 8TH
Squirrel Hill Pierogis batting - Pitching for Minnesota Loons : RHP Vicente Dávila
Pitching: RHP Michael Knight
Batting: RHB Franck Morel 0-0: Fly out, F8 (Flyball, 89M, EV 83.8 MPH)
Batting: SHB Cristo López 0-0: SINGLE (Groundball, 34D, EV 96.2 MPH)
Batting: RHB Adam Cunningham 0-0: Grounds into double play, 6-4-3 (Groundball, 6, EV 103.8 MPH)
Top of the 8th over - 0 runs, 1 hit, 0 errors, 0 left on base; Squirrel Hill 5 - Minnesota 8
BOTTOM OF THE 8TH
Minnesota Loons batting - Pitching for Squirrel Hill Pierogis : RHP Edward Swetnam
Batting: LHB Steve Williams 0-0: Ball
1-0: Called Strike
1-1: Foul Ball, location: 2F
1-2: Strikes out swinging, 2-3 out at first.
Batting: RHB Haechan Mae 0-0: Ground out 5-3 (Groundball, 56, EV 88.8 MPH)
Batting: LHB Juan Ritaquevedo 0-0: Called Strike
0-1: Foul Ball, location: 2F
0-2: Ground out 4-3 (Groundball, 4S, EV 80.0 MPH)
Bottom of the 8th over - 0 runs, 0 hits, 0 errors, 0 left on base; Squirrel Hill 5 - Minnesota 8
TOP OF THE 9TH
Squirrel Hill Pierogis batting - Pitching for Minnesota Loons : RHP Michael Knight
Batting: RHB Ryan McCarty 0-0: Ground out 6-3 (Groundball, 6, EV 103.1 MPH)
Batting: RHB Ed Tinker 0-0: Swinging Strike
0-1: Ball
1-1: Swinging Strike
1-2: Strikes out swinging
Batting: RHB Román García 0-0: Ball
1-0: Ball
2-0: Called Strike
2-1: Swinging Strike
2-2: Ball
3-2: Base on Balls
Batting: SHB Aubrey Magee 0-0: Ball
1-0: Swinging Strike
1-1: Ball
2-1: SINGLE (Line Drive, 78S, EV 92.5 MPH)
Román García to second
Batting: LHB Todd Hunter 0-0: Fielders Choice at 2nd, 5-4 (Groundball, 5, EV 96.2 MPH)
Top of the 9th over - 0 runs, 1 hit, 0 errors, 2 left on base; Squirrel Hill 5 - Minnesota 8
Friday, March 26th, 2021 - OOTP Baseball 20.8 Build 74